 Dungeon Crawl Stone Soup version 0.30.1-4-g462c640d31 (webtiles) character file.

Game seed: 8761533308410906548

3 leafyfresh the Insei (level 1, -1/15 HPs)
             Began as a Merfolk Transmuter on Aug 13, 2023.
             Slain by a goblin
             ... wielding a +0 club
              (4 damage)
             ... on level 1 of the Dungeon.
             The game lasted 00:00:12 (17 turns).

leafyfresh the Insei (Merfolk Transmuter)             Turns: 17, Time: 00:00:12

Health: -1/15      AC:  2    Str: 10    XL:     1   Next: 50%
Magic:  2/3        EV: 12    Int: 12    God:
Gold:   0          SH:  0    Dex: 14    Spells: 3/4 levels left

rFire   . .          .
                       - Unarmed
rCold   . . .        (no shield)
rNeg    . . .        a - +0 robe
rPois   .            (helmet currently unavailable)
rElec   .            (no cloak)
rCorr   .            (no gloves)
SInv    .            (boots currently unavailable)
Will    .....        (no amulet)
Stlth   +            (no ring)
HPRegen 0.22/turn    (no ring)
MPRegen 0.08/turn

%: no passive effects
@: appendages (expiring)
A: horns 2, (nimble swimmer 2), mertail
a: End Transformation


You were on level 1 of the Dungeon.
You had temporarily grown beastly horns.
You visited 1 branch of the dungeon, and saw 1 of its levels.

Inventory:

Armour
 a - a +0 robe (worn)
Potions
 b - a potion of lignification


   Skills:
 - Level 1.1 Fighting
 - Level 2.6 Dodging
 - Level 3.2 Unarmed Combat
 - Level 2.0 Spellcasting
 + Level 3.1 Transmutations


You had 3 spell levels left.
You knew the following spells:

 Your Spells              Type           Power      Damage    Failure   Level
a - Beastly Appendage     Tmut           16%        N/A       8%          1

Your spell library contained the following spells:

 Spells                   Type           Power      Damage    Failure   Level
 Wereblood                Tmut           8%         N/A       11%         2
 Spider Form              Tmut/Pois      5%         N/A       38%         3
 Ice Form                 Ice/Tmut       5%         N/A       80%         4


Dungeon Overview and Level Annotations

Branches:
Dungeon (1/15)

Altars:


Innate Abilities, Weirdness & Mutations

You have temporarily grown beastly horns.
((You are very nimble when in or above water. (Stealth+, EV+, Speed+++)))
Your lower body shifts to a powerful aquatic tail in water.


Message History

Confirm with . or Enter, or press ? or * to list all spells.
You grow a pair of large bovine horns.
The goblin shouts!
The dart slug launches a dart at you. The slug dart misses you.
A frilled lizard comes into view.
A goblin and a rat come into view.
The goblin shouts!
The frilled lizard hisses angrily.
You hit the dart slug but do no damage. You hit the dart slug.
You headbutt the dart slug.
You kill the dart slug!
A rat comes into view.
A kobold comes into view. It is wielding a +0 club.
Your Transmutations skill increases to level 3!
The goblin closely misses you.
You miss the goblin.
The kobold shouts!
Your headbutt misses the goblin. The goblin hits you with a +0 club.
You hit the goblin.
You kill the goblin!
Your transformation is almost over.
The frilled lizard bites you.
You are too injured to fight recklessly!
You are too injured to fight recklessly!
You are too injured to fight recklessly!
Unknown command.
You are too injured to fight recklessly!
Unknown command.
You miss the frilled lizard. The goblin barely misses you.
The frilled lizard bites you.
Unknown command.
You miss the frilled lizard. The frilled lizard bites you.
* * * LOW HITPOINT WARNING * * *
The goblin closely misses you.
Unknown command.
You hit the frilled lizard.
You kill the frilled lizard!
The rat barely misses you. The kobold closely misses you.
The goblin hits you with a +0 club.
You die...

...#..≈§§§§.#.# ...#
...#.≈...≈..#.##...##
.....≈...≈..........# .
..≈≈.≈..............# ..
.≈...§§≈............#...
≈...§≈<.≈..........>....
.≈..§§§.≈..#............
..≈≈≈≈§.§..##....K......
#.....§.§§§##...@†.>#
####.§§.§§.##..r.gr.#
#.§§.§§.##..†....#
###.§§≈§##.......#
#.§§§§............
§....#####... §.......
.... .......# ##.
###....


You could see a goblin, a kobold and 2 rats.

Vanquished Creatures
  A dart slug (D:1)
  A frilled lizard (D:1)
  A goblin (D:1)
3 creatures vanquished.

Notes
Turn   | Place    | Note
-------+----------+-------------------------------------------
     0 | D:1      | leafyfresh the Merfolk Transmuter began the quest for the
                  | Orb.
     0 | D:1      | Reached XP level 1. HP: 15/15 MP: 3/3
    17 | D:1      | Slain by a goblin

Illustrated notes

Levels and vault maps discovered:
D:1:      ebering_trefoil_3fold, layout_basic, st_stairs_1,
          minmay_misc_feat_tiny

Skill      XL: |  1 |
---------------+----+-----
Transmutations | 3 |  3.1
Fighting       | |  1.1
Dodging        | |  2.6
Unarmed Combat | |  3.2
Spellcasting   | |  2.0

Action                     || total
---------------------------++-------
  Melee: Unarmed           ||     7
         Headbutt          ||     1
   Cast: Beastly Appendage ||     1
  Dodge: Dodged            ||     6
